 Dungeon Crawl Stone Soup version 0.32-a0-938-g40ac7a0f4d (webtiles) character file.

Game seed: 14084791711673159483

76 javelincjr the Chopper (level 4, -1/41 HPs)
             Began as a Minotaur Berserker on Apr 15, 2024.
             Was a Follower of Trog.
             Killed from afar by an orc wizard (5 damage)
             ... with a magic dart
             ... on level 5 of the Dungeon.
             The game lasted 00:02:50 (1672 turns).

javelincjr the Chopper (Minotaur Berserker)         Turns: 1672, Time: 00:02:51

Health: -1/41      AC:  8    Str: 29    XL:     4   Next: 12%
Magic:  3/3        EV: 10    Int:  4    God:    Trog [*.....]
Gold:   98         SH:  5    Dex: 10    Spells: 3/3 levels left

rFire   . . .        a - +0 hand axe
rCold   . . .        b - +2 buckler {AC+3}
rNeg    . . .        c - +0 ring mail
rPois   .            (helmet restricted)
rElec   .            (no cloak)
rCorr   .            (no gloves)
SInv    .            (no boots)
Will    .....        p - amulet of magic regeneration Stlth
                     m - +6 ring of strength
HPRegen 0.26/turn    (no ring)
MPRegen 0.48/turn

%: no passive effects
@: no status effects
A: horns 2, retaliatory headbutt
a: Renounce Religion, Berserk


You were on level 5 of the Dungeon.
You worshipped Trog.
Trog was aware of your devotion.
You visited 1 branch of the dungeon, and saw 4 of its levels.

You collected 98 gold pieces.

Inventory:

Hand Weapons
 a - a +0 hand axe (weapon)
Missiles
 i - 10 stones (quivered)
Armour
 b - a +2 buckler of protection (worn)
 c - a +0 ring mail (worn)
Jewellery
 m - a +6 ring of strength (left hand)
 n - a ring of ice
 p - an amulet of magic regeneration (around neck)
Scrolls
 e - a scroll of enchant armour {unknown}
 f - a scroll of blinking {unknown}
 g - a scroll of enchant weapon {unknown}
 j - a scroll of teleportation {unknown}
 l - 2 scrolls of identify {unknown}
 o - a scroll of poison {unknown}
Potions
 d - 2 potions of attraction {unknown}
 h - a potion of brilliance {unknown}
 k - a potion of curing {unknown}


   Skills:
 + Level 4.3 Fighting
 + Level 4.3 Axes
 + Level 3.4 Armour
 + Level 3.0 Dodging


You had 3 spell levels left.
You didn't know any spells.
Your spell library was empty.

Dungeon Overview and Level Annotations

Branches:
Dungeon (3/15)

Altars:


Innate Abilities, Weirdness & Mutations

You have a pair of horns on your head.
You reflexively headbutt those who attack you in melee.


Message History

Beogh smites you!
You hear some strange, mumbled words.
You are confused.
You are too injured to fight recklessly!
You are too injured to fight recklessly!
You hit the orc.
You kill the orc!
Trog accepts your kill.
You miss something. Something completely misses you.
You're too confused to move!
The orc priest hits you but does no damage.
Something hits you.
You closely miss the orc priest. You headbutt the orc priest!
The orc priest is almost dead.
You miss something.
The orc priest hits you with a +0 hand axe.
Something hits you but does no damage.
The orc priest attacks as it pursues you!
The orc priest hits you with a +0 hand axe.
Something hits you.
* * * LOW HITPOINT WARNING * * *
You're too confused to move!
The orc wizard mumbles some strange words.
The orc wizard flickers and vanishes!
The orc priest hits you with a +0 hand axe.
* * * LOW HITPOINT WARNING * * *
Something hits you but does no damage.
You're too confused to move!
You feel less confused.
You hear some strange, mumbled words.
Something tries to affect you, but you resist.
The orc priest hits you with a +0 hand axe.
* * * LOW HITPOINT WARNING * * *
You hit the orc priest.
You kill the orc priest!
Trog accepts your kill.
You closely miss something.
A magic dart appears from out of thin air!
The magic dart hits you.
You die...

#. .# . .. ..
.### ... ..#
.... #.# ....!
#.####......
#.@.{).#
#..$####
#.###.#.#
#.....#......#
##############


There were no monsters in sight!

Vanquished Creatures
  A howler monkey (D:2)
  An orc priest (D:5)
  2 adders
  An orc (D:5)
  2 endoplasms
  2 giant cockroaches
  A goblin (D:1)
  A hobgoblin (D:1)
  A quokka (D:1)
  2 ball pythons (D:1)
  6 bats
  A kobold (D:1)
  5 rats
26 creatures vanquished.

Notes
Turn   | Place    | Note
-------+----------+-------------------------------------------
     0 | D:1      | javelincjr the Minotaur Berserker began the quest for the
                  | Orb.
     0 | D:1      | Reached XP level 1. HP: 19/19 MP: 0/0
   313 | D:1      | Reached XP level 2. HP: 23/27 MP: 1/1
   970 | D:2      | Noticed a howler monkey
   976 | D:2      | Killed a howler monkey
   977 | D:2      | Reached XP level 3. HP: 27/33 MP: 2/2
  1041 | D:2      | Found a faded altar of an unknown god.
  1504 | D:3      | Reached XP level 4. HP: 35/41 MP: 3/3
  1650 | D:3      | You fall into a shaft and drop 2 floors!
  1650 | D:5      | Entered Level 5 of the Dungeon
  1672 | D:5      | Killed from afar by an orc wizard

Illustrated notes

Levels and vault maps discovered:
D:1:      kennysheep_arrival_forest, layout_basic
D:2:      layout_loops_ring, ebering_ecumenical_altar_petrified
D:3:      layout_basic, mainiacjoe_overflow_alcove_1, serial_shops,
          shop_fountains
D:5:      layout_basic, lemuel_round_altar, nicolae_overflow_hidden_temple,
          kennysheep_flooded_box

Skill      XL: |  1  2  3 |
---------------+----------+-----
Axes           | 4 |  4.3
Fighting       | 4 |  4.3
Armour         | 3 |  3.4
Dodging        | 3 |  3.0

Action                     |  1- 3 |  4- 6 || total
---------------------------+-------+-------++-------
  Melee: Hand axe          |    54 |     5 ||    59
         Headbutt          |     4 |     2 ||     6
 Armour: Ring mail         |    30 |    10 ||    40
         Animal skin       |     3 |       ||     3
  Dodge: Dodged            |    37 |     2 ||    39
  Block: Buckler           |     2 |     1 ||     3

Table legend: (Time is in decaauts)
 A = Elapsed time spent in this place.
 B = Non-inter-level travel time spent in this place.
 C = Inter-level travel time spent in this place.
 D = Time resting spent in this place.
 E = Time spent auto-exploring this place.
 F = Levels seen in this place.
 G = Mean time per level.
                   A        B        C        D        E       F      G
               +--------+--------+--------+--------+--------+-----+--------+
         Total |   1676 |   1603 |     73 |      0 |   1387 |   4 |  419.0 |
       Dungeon |   1676 |   1603 |     73 |      0 |   1387 |   4 |  419.0 |
               +--------+--------+--------+--------+--------+-----+--------+

Top non-repeatable levels by time:
     D:1: 867 daAuts
     D:2: 635 daAuts
     D:3: 152 daAuts
     D:5: 22 daAuts
